 Dungeon Crawl Stone Soup version 0.28-a0-909-g796cbd3a86 (webtiles) character file.

Game seed: 3610350516665962852

7690 Majang the Cleaver (level 11, -9/129 HPs)
             Began as a Human Berserker on Nov 25, 2021.
             Was an Elder of Trog.
             Mangled by an orc knight (14 damage)
             ... in a bailey.
             The game lasted 00:39:20 (11362 turns).

Majang the Cleaver (Human Berserker)               Turns: 11362, Time: 00:39:21

Health: -9/129     AC: 18    Str: 27    XL:     11   Next: 41%
Magic:  11/11      EV: 11    Int:  7    God:    Trog [****..]
Gold:   512        SH:  0    Dex: 13    Spells: 10/10 levels left

rFire   . . .      SeeInvis .   a - +2 battleaxe
rCold   . . .      Faith    .   (shield currently unavailable)
rNeg    . . .      Spirit   .   p - +4 chain mail
rPois   .          Reflect  .   (no helmet)
rElec   .          Harm     .   r - +2 cloak
rCorr   .          Rampage  .   h - +0 pair of gloves
Will    +....                   (no boots)
Stlth   ..........              (no amulet)
HPRegen 0.31/turn               i - +6 ring of strength
MPRegen 0.12/turn               k - ring of willpower

@: berserking, very quick
A: no striking features
a: Renounce Religion, Berserk, Trog's Hand, Brothers in Arms


You were in a bailey.
You worshipped Trog.
Trog was greatly pleased with you.
You visited 2 branches of the dungeon, and saw 11 of its levels.
You also visited: Bailey.

You collected 512 gold pieces.

Inventory:

Hand Weapons
 a - a +2 battleaxe (weapon)
 b - a +0 arbalest
 j - a +2 flail of protection
 x - a +0 hand axe of freezing
 G - a +1 hand crossbow
Missiles
 l - 3 javelins (quivered)
 q - 2 throwing nets
 v - 330 bolts
Armour
 h - a +0 pair of gloves (worn)
 p - a +4 chain mail (worn)
 r - a +2 cloak (worn)
 w - a +1 chain mail of fire resistance
Jewellery
 e - a +6 ring of intelligence
 f - a +4 ring of protection
 i - a +6 ring of strength (left hand)
 k - a ring of willpower (right hand)
 t - a ring of ice
Wands
 u - a wand of polymorph (5)
 y - a wand of iceblast (4)
 D - a wand of acid (5)
Scrolls
 d - 2 scrolls of teleportation
 m - a scroll of magic mapping
 o - a scroll of identify
 s - a scroll of enchant weapon
Potions
 c - 2 potions of might
 g - 2 potions of flight
 n - 2 potions of mutation
 z - a potion of cancellation
 A - 4 potions of curing
 B - a potion of heal wounds
 C - 2 potions of lignification
 E - a potion of haste {unknown}
 F - a potion of resistance {unknown}


   Skills:
 + Level 8.1 Fighting
 * Level 11.0 Axes
 + Level 6.0 Crossbows
 + Level 6.4 Armour
 + Level 6.3 Dodging
 + Level 2.7 Evocations


You had 10 spell levels left.
You didn't know any spells.
Your spell library was empty.

Dungeon Overview and Level Annotations

Branches:
Dungeon (10/15)            Temple (1/1) D:6          Bailey (1/1)
   Lair: D:8-11         Orc: D:9-12

Altars:
Xom
Jiyva

Shops:
D:3 [

Annotations:
D:2 1 runed translucent door, Crazy Yiuf
D:6 1 runed translucent door, xoxolimbo's ghost, amateur DsFE
D:9 1 runed translucent door, 2 transporters


Message History

Aim: an orc knight, wielding a +0 bardiche and wearing a +0 ring mail The mass of ice explodes!
The iceblast engulfs the orc knight!
The orc knight is lightly wounded.
The iceblast engulfs the orc warrior!
The orc warrior is moderately wounded.
The iceblast engulfs the orc warrior!
The orc warrior is heavily wounded.
The iceblast engulfs the orc warrior.
The orc warrior is moderately wounded.
The orc knight hits you from afar with a +0 bardiche!!
The orc warrior hits you from afar with a +0 spear!
The orc warrior closely misses you.
A red film seems to cover your vision as you go berserk!
You feel yourself moving faster!
You feel mighty!
The orc knight hits you from afar with a +0 bardiche.
The orc warrior hits you from afar with a +0 spear.
The orc warrior hits you from afar with a +0 halberd!
You feel a strong urge to attack something.
The orc knight closely misses you. The orc warrior barely misses you.
The orc warrior misses you.
The orc warrior hits you from afar with a +0 halberd!!
There is an open door, spattered with blood here.
You slash the orc knight!
The orc knight is moderately wounded.
You slash the orc warrior!
You kill the orc warrior!
Trog accepts your kill.
You slash the orc warrior! The orc knight closely misses you.
The orc warrior hits you with a +0 halberd!
* * * LOW HITPOINT WARNING * * *
The orc warrior hits you from afar with a +0 halberd!!
* * * LOW HITPOINT WARNING * * *
You are too berserk!
You open the orc knight like a pillowcase!!!
The orc knight is almost dead.
You slice the orc warrior!!
You kill the orc warrior!
Trog accepts your kill.
The orc knight hits you from afar with a +0 bardiche!
You die...

..≈≈#)#≈≈≈≈≈≈≈≈≈≈≈≈≈≈≈≈≈≈≈#.#≈≈..
..≈##.##≈≈≈≈≈≈≈≈≈≈≈≈≈≈≈≈≈##.##≈..
..≈..^..≈≈≈≈≈≈≈≈≈≈≈≈≈≈≈≈≈..^.)≈..
..≈##.∩#≈≈≈≈≈≈≈≈≈≈≈≈≈≈≈≈≈#∩.##≈..
..≈≈#.#≈≈≈≈≈≈#######≈≈≈≈≈≈#.#≈≈..
..≈≈≈≈≈≈≈≈≈≈##≈≈≈≈##≈≈≈≈≈≈≈≈≈≈≈..
..≈≈≈≈≈≈≈≈≈##≈≈≈≈≈##≈≈≈≈≈≈≈≈≈≈≈..
..≈≈≈≈≈≈≈≈##≈≈#'''##≈≈≈≈≈≈≈≈≈≈)..
..≈≈≈≈≈≈≈≈#≈≈##∩@∩##≈≈##≈≈≈≈≈≈≈..
..≈≈≈≈≈≈≈##≈####'####≈##≈≈≈≈≈)≈..
..≈≈≈≈≈≈≈##≈')#)o)#)'≈##≈≈≈≈≈≈≈..
..≈≈≈≈≈≈≈##≈###.8o###≈##≈≈≈≈≈≈≈..
..≈≈≈≈≈≈≈##≈')#[.!#)'≈##≈≈≈≈≈≈≈..
..≈≈≈≈≈≈≈##≈#########≈##≈≈≈≈≈≈≈..
..≈≈≈≈≈≈≈≈#≈≈##)#)##≈≈#≈≈≈≈≈≈≈≈..
..≈≈≈≈≈≈≈≈##≈≈#'#'#≈≈##≈≈≈≈≈≈≈≈..
..≈≈≈≈≈≈≈≈≈##≈≈≈≈≈≈≈##≈≈≈≈≈≈≈≈)..


You could see an orc knight and an orc warrior (strong).

Vanquished Creatures
  Harold (D:7)
  A two-headed ogre (D:9)
  A troll (D:9)
  Grinder (D:6)
  A hornet (D:8)
  4 yaks (D:9)
  Eustachio (D:4)
  A steam dragon (D:9)
  3 vampire mosquitoes (D:8)
  An acid dragon (D:10)
  2 water moccasins (D:7)
  Duvessa (D:6)
  An ice beast (D:6)
  3 sky beasts
  2 black bears (D:6)
  15 orc warriors
  3 ogres
  A necrophage (D:5)
  A phantom (D:6)
  2 centaurs (D:6)
  Blork the orc (D:6)
  2 bullfrogs (D:6)
  A scorpion (D:6)
  A gnoll sergeant (D:6)
  Dowan (D:6)
  7 killer bees
  3 wights (D:6)
  2 jellies (D:5)
  4 centaur zombies
  4 orc priests
  A centaur skeleton (D:5)
  3 hounds
  A bullfrog skeleton (D:4)
  4 orc wizards
  5 iguanas
  A howler monkey zombie (D:5)
  8 gnolls
  3 adders
  2 ufetubi
  2 adder skeletons
  3 worms
  37 orcs
  6 ball pythons
  3 endoplasms
  3 giant cockroaches
  7 goblins
  A hobgoblin (D:3)
  4 kobolds
  5 quokkas
  7 bats
  A frilled lizard (D:1)
  6 rats
185 creatures vanquished.

Vanquished Creatures (others)
  A plant (D:1)
1 creature vanquished.

Grand Total: 186 creatures vanquished

Notes
Turn   | Place    | Note
-------+----------+-------------------------------------------
     0 | D:1      | Majang the Human Berserker began the quest for the Orb.
     0 | D:1      | Reached XP level 1. HP: 18/18 MP: 1/1
   259 | D:1      | Reached XP level 2. HP: 22/24 MP: 2/2
   750 | D:2      | Reached XP level 3. HP: 28/29 MP: 3/3
   816 | D:2      | Reached ** piety under Trog
  1130 | D:2      | Reached skill level 4 in Axes
  1446 | D:2      | Found a faded altar of an unknown god.
  1529 | D:2      | Reached XP level 4. HP: 35/35 MP: 4/4
  1835 | D:2      | Found a runed translucent door.
  1836 | D:2      | Noticed Crazy Yiuf
  2031 | D:3      | Found Zililuc's Armour Emporium.
  2241 | D:3      | Reached XP level 5. HP: 13/42 MP: 5/5
  3286 | D:4      | Noticed an ogre
  3306 | D:4      | Killed an ogre
  3307 | D:4      | Reached skill level 5 in Axes
  3307 | D:4      | Reached XP level 6. HP: 23/48 MP: 6/6
  3694 | D:4      | Noticed Eustachio
  3726 | D:4      | Killed Eustachio
  3727 | D:4      | Reached skill level 6 in Axes
  3727 | D:4      | Reached XP level 7. HP: 55/55 MP: 7/7
  4350 | D:5      | Entered Level 5 of the Dungeon
  4365 | D:5      | Reached skill level 5 in Fighting
  4727 | D:5      | Reached *** piety under Trog
  4820 | D:5      | Reached skill level 7 in Axes
  4982 | D:5      | Reached skill level 1 in Crossbows
  4982 | D:5      | Reached XP level 8. HP: 62/62 MP: 8/8
  5529 | D:6      | Noticed Blork the orc
  5533 | D:6      | Killed Blork the orc
  5646 | D:6      | Noticed Dowan
  5646 | D:6      | Noticed Duvessa
  5654 | D:6      | Killed Duvessa
  5657 | D:6      | Killed Dowan
  5733 | D:6      | Reached skill level 8 in Axes
  5738 | D:6      | Reached XP level 9. HP: 69/69 MP: 9/9
  5897 | D:6      | Found a staircase to the Ecumenical Temple.
  5905 | Temple   | Entered the Ecumenical Temple
  5999 | D:6      | Found a runed translucent door.
  5999 | D:6      | Found a shimmering altar of Xom.
  5999 | D:6      | Noticed xoxolimbo's ghost (amateur DsFE)
  5999 | D:6      | Noticed a +2 hand axe of chaos
  6103 | D:6      | Noticed Grinder
  6116 | D:6      | Killed Grinder
  6610 | D:7      | Reached skill level 9 in Axes
  7243 | D:7      | Reached XP level 10. HP: 70/77 MP: 10/10
  7435 | D:7      | Noticed Harold
  7446 | D:7      | Killed Harold
  7447 | D:7      | Reached skill level 5 in Armour
  7447 | D:7      | Reached skill level 5 in Dodging
  8121 | D:8      | Reached skill level 10 in Axes
  8193 | D:8      | Reached skill level 5 in Crossbows
  8938 | D:9      | Identified the +1 leather armour of Quantum Leap {+Inv
                  | rCorr Dex-2}
  9182 | D:9      | Noticed a boulder beetle
  9186 | D:9      | Found a runed translucent door.
  9260 | D:9      | Noticed a two-headed ogre
  9266 | D:9      | Killed a two-headed ogre
  9267 | D:9      | Reached skill level 1 in Evocations
  9267 | D:9      | Reached XP level 11. HP: 85/85 MP: 11/11
  9495 | D:9      | Found a transporter.
  9497 | D:9      | Found a transporter.
  9505 | D:9      | Noticed a glowing orange brain
  9510 | D:9      | Found a viscous altar of Jiyva.
  9916 | D:10     | Entered Level 10 of the Dungeon
 10261 | D:10     | Found a flagged portal.
 10266 | Bailey   | Entered a bailey
 10874 | Bailey   | Reached skill level 11 in Axes
 10875 | Bailey   | Reached **** piety under Trog
 11356 | Bailey   | Noticed an orc knight
 11360 | Bailey   | HP: 5/129 [orc warrior (29)]
 11362 | Bailey   | Mangled by an orc knight

Illustrated notes

Levels and vault maps discovered:
D:1:      eino_arrival_druids_welcome, layout_rooms
D:2:      layout_basic, hellmonk_ecumenical_altar_leap_of_faith,
          minmay_strange_pillars, uniq_crazy_yiuf_cottage
D:3:      layout_basic, serial_shops, shop, minmay_misc_feat_diagonals
D:4:      layout_cave_pools, serial_co_window_serial, co_window_paths_a,
          co_window_paths_a, co_window_paths_b, co_window_corner_a,
          co_window_corner_a, co_window_paths_b, co_window_corner_ca,
          co_window_corner_b, co_window_of_opportunity_c, co_window_paths_d,
          co_window_4corner_b, glass_columns_b, glass_columns_b,
          glass_columns_b, glass_columns_a, uniq_eustachio
D:5:      layout_basic
D:6:      layout_gridville, minmay_temple_entry_drinking_statues,
          ebering_ghost_xom, uniq_grinder, uniq_blork_the_orc, uniq_duvessa
D:7:      layout_gridville, uniq_harold
D:8:      layout_loops_corners
D:9:      gammafunk_jiyva_shrine, layout_irregular_city, minmay_st_funbox
D:10:     layout_gridville, mainiacjoe_overflow_tiny_flanked, enter_bailey_2,
          minmay_splitting_lines
Temple:   mainiacjoe_temple_hex_bubbles
Bailey:   bailey_polearm_2, bailey

Skill      XL: |  1  2  3  4  5  6  7  8  9 10 11 |
---------------+----------------------------------+-----
Axes           | 4 5 6 7 8 9 10 11 | 11.0
Fighting       | 4 5 6 7 8 |  8.1
Crossbows      | 1 2 4 5 6 |  6.0
Armour         | 3 4 5 6 |  6.4
Dodging        | 3 4 5 6 |  6.3
Evocations     | 1 2 |  2.7

Action                   |  1- 3 |  4- 6 |  7- 9 | 10-12 || total
-------------------------+-------+-------+-------+-------++-------
Melee: Hand axe          |   100 |    85 |    73 |     5 ||   263
       Battleaxe         |       |       |   173 |   160 ||   333
 Fire: Hand crossbow     |       |       |    13 |    33 ||    46
       Arbalest          |       |       |       |    23 ||    23
Throw: Javelin           |     3 |     6 |       |       ||     9
Invok: Berserk           |       |     4 |    11 |     9 ||    24
Evoke: Wand              |       |       |       |     3 ||     3
  Use: Scroll            |       |    10 |       |     8 ||    18
       Potion            |       |       |     2 |       ||     2
Armor: Chain mail        |    60 |    55 |   179 |   109 ||   403
       Animal skin       |     3 |       |       |       ||     3
Dodge: Dodged            |    44 |    33 |   104 |   134 ||   315

Table legend: (Time is in decaauts)
 A = Elapsed time spent in this place.
 B = Non-inter-level travel time spent in this place.
 C = Inter-level travel time spent in this place.
 D = Time resting spent in this place.
 E = Time spent auto-exploring this place.
 F = Levels seen in this place.
 G = Mean time per level.
                   A        B        C        D        E       F      G
               +--------+--------+--------+--------+--------+-----+--------+
         Total |  11772 |  11445 |    327 |   3534 |   5641 |  12 |  981.0 |
       Dungeon |  10567 |  10240 |    327 |   2860 |   5641 |  10 | 1056.7 |
        Temple |      1 |      1 |      0 |      0 |      0 |   1 |    1.0 |
        Bailey |   1202 |   1202 |      0 |    673 |      0 |   1 | 1202.0 |
               +--------+--------+--------+--------+--------+-----+--------+

Top non-repeatable levels by time:
     D:6: 1464 daAuts
     D:2: 1354 daAuts
     D:7: 1271 daAuts
  Bailey: 1202 daAuts
     D:3: 1201 daAuts
     D:4: 1199 daAuts
     D:8: 1088 daAuts
     D:9: 1029 daAuts
     D:5: 942 daAuts
     D:1: 651 daAuts
    D:10: 364 daAuts
  Temple: 1 daAuts
